 Dungeon Crawl Stone Soup version 0.27-a0-1193-g8631133539 (webtiles) character file.

Game seed: 8069425385630344998

37 Strat the Firebug (level 3, -1/21 HPs)
             Began as an Octopode Fire Elementalist on May 25, 2021.
             Killed by divine providence
             ... invoked by an orc priest
              (8 damage)
             ... on level 2 of the Dungeon.
             The game lasted 00:03:10 (1673 turns).

Strat the Firebug (Octopode Fire Elementalist)      Turns: 1673, Time: 00:03:10

Health: -1/21      AC:  1    Str:  7    XL:     3   Next: 39%
Magic:  4/6        EV: 13    Int: 18    God:
Gold:   50         SH:  0    Dex: 12    Spells: 5/6 levels left

rFire    . . .     SeeInvis .   b - staff of conjuration
rCold    . . .     Faith    .   (no shield)
rNeg     . . .     Spirit   .   (helmet restricted)
rPois    .         Reflect  .   (no amulet)
rElec    .         Harm     .   (no ring)
rCorr    .         Rampage  .   (no ring)
Will     .....                  (no ring)
Stlth    +++.......             (no ring)
HPRegen  0.07/turn              (no ring)
MPRegen  0.10/turn              (no ring)
                                (no ring)
                                (no ring)

@: no status effects
A: almost no armour, amphibious, 8 rings, camouflage 1, gelatinous body 1,
(nimble swimmer 1), tentacles
a: no special abilities


You were on level 2 of the Dungeon.
You visited 1 branch of the dungeon, and saw 2 of its levels.

You collected 50 gold pieces.

Inventory:

Hand Weapons
 a - a +0 short sword
 i - a +0 dagger
Missiles
 c - 59 stones
Magical Staves
 b - a staff of conjuration (weapon)
Scrolls
 d - a scroll of identify {unknown}
Potions
 e - 2 potions of curing {unknown}
 f - a potion of resistance {unknown}
 g - a potion of heal wounds {unknown}
 h - a potion of ambrosia {unknown}


   Skills:
 - Level 2.0 Dodging
 - Level 2.6 Stealth
 - Level 2.0 Spellcasting
 + Level 2.3 Conjurations
 + Level 3.7 Fire Magic


You had 5 spell levels left.
You knew the following spells:

 Your Spells              Type           Power      Damage    Failure   Level
a - Foxfire               Conj/Fire      76%        2x1d7     5%          1

Your spell library contained the following spells:

 Spells                   Type           Power      Damage    Failure   Level
 Conjure Flame            Conj/Fire      19%        6-21      16%         3
 Beastly Appendage        Tmut           2%         N/A       19%         1
 Wereblood                Tmut           1%         N/A       26%         2
 Inner Flame              Hex/Fire       8%         N/A       26%         3
 Sticky Flame             Conj/Fire      19%        2d4       45%         4
 Spider Form              Tmut/Pois      0%         N/A       47%         3
 Fireball                 Conj/Fire      9%         3d6       82%         5
 Ice Form                 Ice/Tmut       1%         N/A       87%         4
 Hydra Form               Tmut           0%         N/A       99%         5


Dungeon Overview and Level Annotations

Branches:
Dungeon (2/15)

Altars:


Innate Abilities, Weirdness & Mutations

You cannot wear most types of armour.
You are amphibious.
You can wear up to eight rings at the same time.
Your skin changes colour to match your surroundings (Stealth+).
Your rubbery body absorbs attacks. (AC +1, EV +1)
((You are camouflaged near water. (Stealth+)))
You have tentacles for arms and can constrict up to eight enemies at once.


Message History

You kill the endoplasm!
An orc comes into view. It is wielding a +0 club.
Casting: Foxfire (safe; 5% risk of failure)
Confirm with . or Enter, or press ? or * to list all spells.
You feel a surge of power!
You conjure some foxfire!
The foxfire hits the orc.
The orc is heavily wounded.
The orc shouts!
The foxfire hits the orc.
The orc is severely wounded.
You hear a shout!
Casting: Foxfire (safe; 5% risk of failure)
Confirm with . or Enter, or press ? or * to list all spells.
You feel a surge of power!
You conjure some foxfire!
An orc comes into view. It is wielding a +0 falchion.
The foxfire hits the orc.
You kill the orc!
Casting: Foxfire (safe; 5% risk of failure)
Confirm with . or Enter, or press ? or * to list all spells.
You feel a surge of power!
You conjure some foxfire!
The foxfire hits the orc but does no damage.
An orc priest comes into view. It is wielding a +0 flail.
The foxfire hits the orc.
The orc is heavily wounded.
The orc priest looks braver for a moment.
An orc comes into view. It is wielding a +0 trident.
The foxfire hits the orc but does no damage.
The orc is heavily wounded.
The orc priest invokes the aid of Beogh against you.
Beogh smites you!
Ouch! That really hurt!
* * * LOW HITPOINT WARNING * * *
You hear a shout!
The orc hits you with a +0 falchion.
* * * LOW HITPOINT WARNING * * *
The orc priest calls upon Beogh to heal the orc.
The orc's wounds heal themselves!
The orc priest mumbles some strange prayers to Beogh against you.
Beogh smites you!
You die...

<....#......._..........#.#
.....#..<.....###......#..#
..........>...####....##.##
........#####.##...##.##.#
......... #.#...# #.##.####
.#######.. #...#.###.......##
# #$o #.###..##.##.........##
#... #.......#.#...........#
.. #.......@........†....#
8... #..##.o#..#...........#
...o...#..##.###...†...)[.<.##
#...o...#........###....#...##
#.......#..o.....###........#
#.8...8.#.........##........#
#....)..#.........##........#
..................##........#
.............####.##........#


You could see an orc priest and an orc.

Vanquished Creatures
  An adder (D:2)
  A worm (D:2)
  An orc (D:2)
  3 endoplasms
  2 giant cockroaches (D:2)
  A goblin (D:2)
  3 hobgoblins
  A quokka (D:2)
  2 bats (D:1)
  4 kobolds
  2 rats (D:1)
21 creatures vanquished.

Vanquished Creatures (others)
  68 foxfires
68 creatures vanquished.

Grand Total: 89 creatures vanquished

Notes
Turn   | Place    | Note
-------+----------+-------------------------------------------
     0 | D:1      | Strat the Octopode Fire Elementalist began the quest for
                  | the Orb.
     0 | D:1      | Reached XP level 1. HP: 11/11 MP: 3/3
   568 | D:1      | Reached XP level 2. HP: 17/17 MP: 1/5
  1167 | D:2      | Found a faded altar of an unknown god.
  1414 | D:2      | Reached XP level 3. HP: 21/21 MP: 3/6
  1673 | D:2      | Killed from afar by an orc priest

Illustrated notes

Levels and vault maps discovered:
D:1:      dpeg_arrival_snail, layout_loops_corners, feat_on_display
D:2:      cheibrodos_pilgrimage, layout_rooms, basic_ecumenical_altar

Skill      XL: |  1  2 |
---------------+-------+-----
Conjurations   | 2 |  2.3
Dodging        | |  2.0
Stealth        | |  2.6
Spellcasting   | |  2.0
Fire Magic     | |  3.7

Action                   || total
-------------------------++-------
 Cast: Foxfire           ||    37
Dodge: Dodged            ||     4

Table legend: (Time is in decaauts)
 A = Elapsed time spent in this place.
 B = Non-inter-level travel time spent in this place.
 C = Inter-level travel time spent in this place.
 D = Time resting spent in this place.
 E = Time spent auto-exploring this place.
 F = Levels seen in this place.
 G = Mean time per level.
                   A        B        C        D        E       F      G
               +--------+--------+--------+--------+--------+-----+--------+
         Total |   1670 |   1607 |     63 |     85 |   1338 |   2 |  835.0 |
       Dungeon |   1670 |   1607 |     63 |     85 |   1338 |   2 |  835.0 |
               +--------+--------+--------+--------+--------+-----+--------+

Top non-repeatable levels by time:
     D:1: 1166 daAuts
     D:2: 504 daAuts
